 Seeded DCSS version 0.30-a0-779-g7971cf19c3 (webtiles) character file.

Game seed: 8796237800415217726 (custom seed)

34830 BigDaddyOpFi the Grand Scion (level 14, -17/101 HPs)
             Began as a Formicid Fighter on Feb 17, 2023.
             Was a High Priest of Hepliaklqana.
             Demolished by a skyshark (20 damage)
             ... on level 3 of the Lair of Beasts.
             The game lasted 00:19:17 (13417 turns).

BigDaddyOpFi the Grand Scion (Formicid Fighter)    Turns: 13417, Time: 00:19:17

Health: -17/101    AC: 20    Str: 32    XL:     14   Next: 15%
Magic:  25/25      EV:  8    Int:  4    God:    Hepliaklqana [*****.]
Gold:   2208       SH: 29    Dex: 19    Spells: 13/13 levels left

rFire   . . .      SeeInvis +    A - +3 halberd (freeze)
rCold   + . .      Faith    .    h - +10 tower shield of Ignorance {rN+ Int-4}
rNeg    + . .      Spirit   .    u - +9 scale mail "Zulutzomn" {rC+ Stlth+}
rPois   .          Reflect  .    (helmet unavailable)
rElec   .          Harm     .    l - +2 cloak of the Thief {*Fog Slay-2 SInv Stlth+}
rCorr   .          Rampage  .    L - +0 pair of gloves
Will    ++...                    (no boots)
Stlth   ++                       f - amulet of regeneration
HPRegen 1.16/turn                N - +6 ring of strength
MPRegen 0.19/turn                B - +6 ring of dexterity

@: no status effects
A: reduced essence, permanent stasis, dig shafts and tunnels, antennae 3, four
strong arms, deformed body, strong-willed 1, MP-powered wands
a: Dig, Shaft Self, Renounce Religion, Recall Ancestor, Ancestor Identity,
Transference, Idealise


You were on level 3 of the Lair of Beasts.
You worshipped Hepliaklqana.
Hepliaklqana was extremely pleased with you.
You visited 3 branches of the dungeon, and saw 17 of its levels.
You also visited: Bailey.

You collected 3565 gold pieces.
You spent 1357 gold pieces at shops.

Inventory:

Hand Weapons
 p - the +4 hand axe "Fumm" {freeze, *Rage Dex+4}
   (You found it on level 2 of the Dungeon)

   Dex:       It affects your dexterity (+4).
   *Rage:     It berserks you when you make melee attacks (+20% chance).
 A - a +3 halberd of freezing (weapon)
 F - the +0 halberd of the Beginning {drain, rElec rF- rC++}
   (You bought it in a shop on level 9 of the Dungeon)

   rF:        It makes you vulnerable to fire.
   rC:        It greatly protects you from cold.
   rElec:     It insulates you from electricity.
Armour
 c - a +0 buckler
 h - the +10 tower shield of Ignorance (worn) {rN+ Int-4}
   (You found it in a bailey)

   Int:       It affects your intelligence (-4).
   rN:        It protects you from negative energy.
 l - the +2 cloak of the Thief (worn) {*Fog Slay-2 SInv Stlth+}
   (You bought it in a shop on level 2 of the Dungeon)

   *Fog:      It may release a thick cloud of smoke when the wearer is hurt.
   Slay:      It affects your accuracy & damage with ranged weapons and melee
   (-2).
   SInv:      It lets you see invisible.
   Stlth:     It makes you more stealthy.
 n - a +4 plate armour of positive energy
 u - the +9 scale mail "Zulutzomn" (worn) {rC+ Stlth+}
   (You found it in a bailey)

   rC:        It protects you from cold.
   Stlth:     It makes you more stealthy.
 L - a +0 pair of gloves (worn)
Jewellery
 b - a ring of protection from fire
 d - a ring of poison resistance
 f - an amulet of regeneration (around neck)
 w - an amulet of faith
 x - an amulet of guardian spirit
 B - a +6 ring of dexterity (right hand)
 H - a ring of willpower
 N - a +6 ring of strength (left hand)
Wands
 a - a wand of flame (24) (quivered)
 q - a wand of paralysis (10)
 y - a wand of polymorph (8)
 G - a wand of mindburst (5)
 M - a wand of roots (5)
Scrolls
 e - 2 scrolls of vulnerability
 k - 4 scrolls of noise
 o - 2 scrolls of fog
 r - 2 scrolls of poison
 s - 7 scrolls of identify
 E - 2 scrolls of blinking
Potions
 g - 3 potions of berserk rage
 i - 2 potions of lignification
 j - 8 potions of brilliance
 m - 2 potions of invisibility
 t - a potion of degeneration
 v - a potion of haste
 C - a potion of ambrosia
 D - 6 potions of curing
 I - a potion of cancellation {unknown}
 K - 2 potions of might
Miscellaneous
 z - a phantom mirror


   Skills:
 + Level 11.4 Fighting
 - Level 5.9(8.0) Axes
 + Level 8.2(9.1) Polearms
 + Level 11.3 Armour
 + Level 13.4 Shields
 * Level 14.9 Invocations


You had 13 spell levels left.
You didn't know any spells.
Your spell library contained the following spells:

 Spells                   Type           Power      Damage    Failure   Level
 Kiss of Death            Conj/Necr      0%         2d5       97%         1
 Magic Dart               Conj           0%         1d3       97%         1
 Call Imp                 Summ           0%         N/A       99%         2
 Lesser Beckoning         Tloc           0%         N/A       99%         2
 Confusing Touch          Hex            0%         N/A       100%        3
 Gell's Gravitas          Tloc           0%         N/A       100%        3
 Ignite Poison            Fire/Tmut/Pois 0%         N/A       100%        3
 Kindle Blastsparks       Fire/Tloc/Air  0%         2d10      100%        3
 Mephitic Cloud           Conj/Pois/Air  0%         N/A       100%        3
 Teleport Other           Tloc           0%         N/A       100%        3
 Dispel Undead            Necr           0%         3d6       100%        4
 Blade Hands              Tmut           0%         N/A       100%        5
 Freezing Cloud           Conj/Ice/Air   0%         6-21      100%        5
 Irradiate                Conj/Tmut      0%         3d11      100%        5
 Dragon Form              Tmut           0%         N/A       100%        7


Dungeon Overview and Level Annotations

Branches:
Dungeon (13/15)            Temple (1/1) D:6            Lair (3/5) D:8
  Swamp (0/4) Lair:2          Orc (0/2) D:11         Bailey (visited)
  Snake: Lair:2-3    Spider: Lair:2-3    Vaults: D:13-14

Altars:
Ashenzari
Cheibriados
Elyvilon
Gozag
Hepliaklqana
Makhleb
Qazlal
Ru
Sif Muna
Uskayaw
Vehumet
Wu Jian
Xom
Yredelemnul

Shops:
D:1 :   D:2 *   D:5 (   D:9 ((*:==

Portals:
Trove: D:11 (give +3 storm dragon scales)

Annotations:
Lair:3 1 runed translucent door


Innate Abilities, Weirdness & Mutations

Your life essence is reduced to manifest your ancestor. (-10% HP)
You cannot be hasted, slowed, berserked, paralysed or teleported.
You can dig through walls and to a lower floor.
You have a pair of large antennae on your head. (SInv)
Your four strong arms can wield two-handed weapons with a shield.
Armour fits poorly on your strangely shaped body.
You are strong-willed. (Will+)
You expend magic power (3 MP) to strengthen your wands.


Message History

The bullfrog hits you but does no damage.
The water moccasin attacks as you move away!
You block the water moccasin's attack.
You feel sick.
You block the skyshark's attack. x2; The yak gores you but does no damage.
The skyshark bites you but does no damage.
You block the skyshark's attack. The jumping spider barely misses you.
The jumping spider bites you but does no damage.
What are your orders? t - Shout!
Orders for allies: a - Attack new target. r - Retreat! s - Stop attacking. g - Guard the area. f - Follow me.
Anything else - Cancel.
Okay, then.
You feel sick.
The skyshark bites you but does no damage.
You block the skyshark's attack.
You feel sick. You block the skyshark's attack. x2
You feel sick.
The skyshark bites you but does no damage.
You block the skyshark's attack. The skyshark attacks as you move away!
You block the skyshark's attack. x2
You feel sick. The skyshark bites you!!
* * * LOW HITPOINT WARNING * * *
With a swish of your cloak, you release a cloud of fog.
You block the skyshark's attack.
The jumping spider leaps!
The skyshark bites you!
* * * LOW HITPOINT WARNING * * *
The skyshark tail-slaps you but does no damage.
The skyshark attacks as you move away! You block the skyshark's attack.
The skyshark tail-slaps you!
* * * LOW HITPOINT WARNING * * *
You feel sick. You block the jumping spider's attack.
The jumping spider bites you but does no damage.
The skyshark barely misses you. You block the skyshark's attack.
The jumping spider attacks as you move away!
You block the jumping spider's attack. x2; You feel sick.
You are no longer poisoned.
The jumping spider leaps!
The skyshark bites you!!
You die...

##.............................
##......P......[...............
.#...#..........................
..............†.#...............
..........##...†...............#
.........>##...s##PP.#.##....#.##
..........#......§§§.............
...............[§§§§............
.......^.†#.....@lY§{..#.#.s#.#.
...........###...P###{{§#....#
...###.P#### ######.#{§##...##
.## #.## #§{{§§...# ....
#.§§§#.### ..... #...§YY§.....
..... #...§§§§§§.....
~~....!..........
~~~.~~~....??...Y


You could see a skyshark (berserk), a yak and a jumping spider.

Vanquished Creatures
  Fannar (D:11)
  2 hydras (Lair:2)
  A two-headed ogre (D:11)
  A manticore (D:12)
  An ugly thing (D:12)
  3 cyclopes
  3 gargoyles (D:12)
  An unseen horror (D:12)
  A rime drake (D:8)
  5 komodo dragons
  3 trolls
  A tyrant leech (Lair:2)
  2 polar bears
  11 blink frogs
  8 slime creatures
  2 wraiths
  A wyvern (D:9)
  A vampire (D:11)
  14 yaks
  3 vampire mosquitoes (D:11)
  A steam dragon (D:9)
  A swamp worm (Lair:2)
  5 water moccasins
  2 ice beasts (D:8)
  3 black bears
  4 orc warriors
  2 ogres
  5 wolves
  4 centaurs
  2 kobold brigands
  10 bullfrogs
  2 necrophages (D:6)
  A gnoll sergeant (D:8)
  2 scorpions
  6 wights
  16 killer bees
  2 vampire bats (Lair:1)
  7 howler monkeys
  6 jellies
  A hound (D:6)
  2 gnoll boudas
  6 orc priests
  2 iguanas (D:6)
  9 orc wizards
  13 gnolls
  8 adders
  A shadow imp (D:5)
  2 ufetubi
  A worm (D:2)
  33 orcs
  9 endoplasms
  6 giant cockroaches
  7 goblins
  5 hobgoblins
  11 jackals
  3 quokkas
  4 ball pythons
  9 bats
  9 kobolds
  5 rats
292 creatures vanquished.

Vanquished Creatures (collateral kills)
  2 hydras
  2 two-headed ogres
  Sonja (D:11)
  An orc knight (Bailey)
  A deep elf zephyrmancer (Bailey)
  2 cyclopes
  A manticore (D:11)
  A torpor snail (Lair:2)
  2 black mambas (Lair:3)
  A gargoyle (D:11)
  A rime drake (Lair:2)
  3 cane toads
  An unseen horror (D:11)
  3 komodo dragons
  3 trolls
  2 blink frogs (Lair:3)
  4 slime creatures (D:11)
  2 shadows
  8 yaks
  A steam dragon (Lair:2)
  3 vampire mosquitoes
  2 swamp worms (Lair:2)
  5 water moccasins
  An acid dragon (D:12)
  A floating eye (D:11)
  6 orc warriors
  2 ice beasts
  A sky beast (D:7)
  3 wolves
  A centaur (D:9)
  2 wights (D:9)
  2 killer bees
  A vampire bat (Lair:1)
  An electric eel (D:9)
  A jelly (D:7)
  2 orc priests (D:9)
  2 orc wizards (D:9)
  7 orcs
  3 bats (Lair:1)
  A goblin (D:9)
  3 kobolds (D:10)
92 creatures vanquished.

Vanquished Creatures (others)
  A hound (D:4)
  2 ancestors (D:8)
  6 knights
  2 orcs
  11 fungi
  22 plants
44 creatures vanquished.

Grand Total: 428 creatures vanquished

Notes
Turn   | Place    | Note
-------+----------+-------------------------------------------
     0 | D:1      | BigDaddyOpFi the Formicid Fighter began the quest for the
                  | Orb.
     0 | D:1      | Reached XP level 1. HP: 18/18 MP: 1/1
    60 | D:1      | Found Veoliky's Book Emporium.
    76 | D:1      | Identified 3 scrolls of acquirement
    76 | D:1      | Acquired 811 gold pieces
    78 | D:1      | Acquired 684 gold pieces
    80 | D:1      | Acquired 964 gold pieces
   126 | D:1      | Reached XP level 2. HP: 16/24 MP: 2/2
   244 | D:1      | You fall into a shaft and drop 1 floor!
   279 | D:2      | Reached XP level 3. HP: 29/29 MP: 3/3
   394 | D:2      | Found a faded altar of an unknown god.
   410 | D:2      | Reached XP level 4. HP: 3/37 MP: 4/4
  1185 | D:2      | Found Fuiquv's Assorted Antiques.
  1195 | D:2      | Bought the +2 cloak of the Thief {*Fog Slay-2 SInv Stlth+}
                  | for 442 gold pieces
  1195 | D:2      | Found the +2 cloak of the Thief {*Fog Slay-2 SInv Stlth+}
  1195 | D:2      | Bought a glowing plate armour for 572 gold pieces
  1422 | D:2      | Identified the +4 hand axe "Fumm" {freeze, *Rage Dex+4}
  2427 | D:4      | Reached skill level 5 in Shields
  2427 | D:4      | Reached XP level 5. HP: 40/42 MP: 5/5
  2459 | D:4      | Reached XP level 6. HP: 39/49 MP: 6/6
  2845 | D:5      | Entered Level 5 of the Dungeon
  2849 | D:5      | Noticed an ogre
  2855 | D:5      | Killed an ogre
  2942 | D:5      | Found Zunkiod's Weapon Emporium.
  2988 | D:5      | Reached XP level 7. HP: 55/55 MP: 7/7
  3086 | D:5      | Reached skill level 5 in Fighting
  3086 | D:5      | Reached skill level 5 in Armour
  3878 | D:6      | Reached XP level 8. HP: 61/63 MP: 8/8
  3890 | D:6      | Found a staircase to the Ecumenical Temple.
  3916 | Temple   | Entered the Ecumenical Temple
  3929 | Temple   | Became a worshipper of Hepliaklqana the Forgotten
  3963 | D:6      | Reached skill level 1 in Invocations
  4174 | D:6      | Reached skill level 2 in Invocations
  4241 | D:6      | Reached skill level 5 in Axes
  4625 | D:6      | Reached skill level 3 in Invocations
  4863 | D:7      | Reached XP level 9. HP: 65/69 MP: 11/11
  4923 | D:7      | Reached skill level 4 in Invocations
  5052 | D:7      | Reached * piety under Hepliaklqana
  5072 | D:7      | Reached skill level 5 in Invocations
  5685 | D:8      | Reached skill level 6 in Invocations
  5735 | D:8      | Reached skill level 1 in Polearms
  5778 | D:8      | Noticed a polar bear
  5780 | D:8      | Noticed a rime drake
  5788 | D:8      | Reached XP level 10. HP: 39/71 MP: 14/14
  5794 | D:8      | Killed a rime drake
  5798 | D:8      | Reached skill level 7 in Invocations
  5831 | D:8      | Gained mutation: You expend magic power (3 MP) to
                  | strengthen your wands. [potion of mutation]
  5831 | D:8      | Gained mutation: Armour fits poorly on your strangely
                  | shaped body. [potion of mutation]
  5831 | D:8      | Gained mutation: You are strong-willed. (Will+) [potion of
                  | mutation]
  5864 | D:9      | Reached ** piety under Hepliaklqana
  6038 | D:8      | Found a staircase to the Lair.
  6388 | D:8      | Reached skill level 8 in Invocations
  6468 | D:9      | Found Rosap's Jewellery Shoppe.
  6487 | D:9      | Found a flagged portal.
  6507 | Bailey   | Entered a bailey
  6667 | Bailey   | Remembered your ancestor Aula as a knight
  6776 | Bailey   | Found a large runed translucent door.
  6776 | Bailey   | Found a large runed translucent door.
  6776 | Bailey   | Noticed an orc knight
  6777 | Bailey   | Noticed a deep elf zephyrmancer
  6780 | Bailey   | Found the +10 tower shield of Ignorance {rN+ Int-4}
  6790 | Bailey   | Killed an orc knight
  6790 | Bailey   | HP: 1/69 [orc warrior/+0 halberd (29)]
  6945 | Bailey   | Killed a deep elf zephyrmancer
  6946 | Bailey   | Reached XP level 11. HP: 71/77 MP: 17/17
  6963 | Bailey   | Identified the +9 scale mail "Zulutzomn" {rC+ Stlth+}
  7166 | D:9      | Reached skill level 9 in Invocations
  7168 | D:9      | Reached skill level 10 in Shields
  7228 | D:9      | Found Plog's Assorted Antiques.
  7236 | D:9      | Bought a twisted bronze ring for 145 gold pieces
  7266 | D:9      | Found Humoutoe's Hydra Hut.
  7268 | D:9      | Noticed an eight-headed hydra
  7329 | D:9      | Found Gokaos's Book Shop.
  7396 | D:9      | Found a sacrificial altar of Ru.
  7399 | D:9      | Found a white marble altar of Elyvilon.
  7515 | D:9      | Noticed a two-headed ogre
  7523 | D:9      | Killed a two-headed ogre
  7549 | D:9      | Reached skill level 10 in Invocations
  7645 | D:9      | Found Tici Jal's Jewellery Shoppe.
  7829 | D:9      | Found Fouth's Antique Weapon Shop.
  7837 | D:9      | Bought a slimy halberd for 198 gold pieces
  7837 | D:9      | Identified the +0 halberd of the Beginning {drain, rElec
                  | rF- rC++} (You bought it in a shop on level 9 of the
                  | Dungeon)
  7898 | D:10     | Entered Level 10 of the Dungeon
  7898 | D:10     | Reached *** piety under Hepliaklqana
  8398 | D:10     | Found an ornate altar of the Wu Jian Council.
  8613 | D:10     | Reached skill level 5 in Polearms
  8714 | D:11     | Noticed a cyclops
  8720 | D:11     | Killed a cyclops
  8839 | D:11     | Reached skill level 11 in Invocations
  8845 | D:11     | Found a staircase to the Orcish Mines.
  8846 | D:11     | Noticed Fannar
  8852 | D:11     | Reached XP level 12. HP: 81/85 MP: 20/20
  8876 | D:11     | Killed Fannar
  8935 | D:11     | Noticed Sonja
  8943 | D:11     | Killed Sonja
  8953 | D:11     | Found a portal to a secret trove of treasure.
  9318 | D:12     | Reached **** piety under Hepliaklqana
  9726 | D:11     | Reached skill level 12 in Invocations
  9851 | D:12     | Noticed a two-headed ogre
  9977 | D:11     | Killed a two-headed ogre
 10156 | D:12     | Noticed a two-headed ogre
 10194 | D:11     | Reached skill level 10 in Fighting
 10326 | D:11     | Reached skill level 10 in Armour
 10429 | D:11     | Killed a two-headed ogre
 10697 | D:11     | Reached XP level 13. HP: 75/92 MP: 22/22
 10878 | D:12     | Reached skill level 13 in Invocations
 11477 | Lair:1   | Entered Level 1 of the Lair of Beasts
 12235 | Lair:2   | Noticed an eight-headed hydra
 12253 | Lair:2   | Killed an eight-headed hydra
 12437 | Lair:2   | Reached skill level 14 in Invocations
 12767 | Lair:2   | Noticed a five-headed hydra
 12770 | Lair:2   | Noticed a four-headed hydra
 12777 | Lair:2   | Killed a four-headed hydra
 12784 | Lair:2   | Killed an eight-headed hydra
 12899 | Lair:2   | Found a staircase to the Swamp.
 13138 | Lair:3   | Found a runed translucent gate.
 13149 | Lair:3   | Reached ***** piety under Hepliaklqana
 13188 | Lair:3   | Reached XP level 14. HP: 99/101 MP: 24/24
 13416 | Lair:3   | HP: 2/101 [skyshark (7)]
 13417 | Lair:3   | Demolished by a skyshark

Illustrated notes

Levels and vault maps discovered:
D:1:      heliophobic_arrival_henge, layout_rooms, serial_shops, shop_statue
D:2:      layout_basic, serial_shops, nicolae_lakefront_shop,
          ebering_ecumenical_altar_ruins
D:3:      layout_basic
D:4:      layout_rooms, kennysheep_generic_room_4
D:5:      layout_loops_corners, serial_shops, nicolae_shop_behind_doors
D:6:      layout_layer_cave, minmay_temple_entry_arrows, chequers_avenue
D:7:      layout_rooms, serial_aquarium, aquarium_bridge_straight
          [aquarium_subvault_bridge, aquarium_subvault_wall,
          aquarium_subvault_bridge, aquarium_subvault_window],
          aquarium_window_corridor_1, aquarium_window_1, aquarium_window_fake,
          aquarium_window_1, aquarium_view_2c, aquarium_view_2b,
          aquarium_balcony_3b, aquarium_pool_2
D:8:      layout_loops_ring, hellmonk_lair_entry_icy
D:9:      layout_irregular_city, nicolae_overflow_squiral, enter_bailey_3,
          serial_shops, shop, shop, nicolae_shop_window_shopping,
          nicolae_shop_hallway_stairs, shop, doesnt_shop_hydraphobe
D:10:     layout_basic, mainiacjoe_overflow_alcove_2
D:11:     layout_rooms, david_orc_2, nicolae_trove_entry_diagonal, uniq_fannar,
          uniq_sonja
D:12:     layout_loops_ring, onia_ninara_cookie
D:13:     minmay_quarter_circles, layout_stronghold, gauntlet_entry_generic,
          uniq_maurice, uniq_urug
Temple:   nicolae_temple_bog_church
Lair:1:   layout_hall_layers, roderic_batcave
Lair:2:   layout_roguey, palyth_hydra_swamp_entry, lemuel_fruit_tree,
          serial_bayou_shore_a
Lair:3:   layout_gridlike, spider_nest_entry_a, gammafunk_ghost_cemetery

Skill      XL: |  1  2  3  4  5  6  7  8  9 10 11 12 13 14 |
---------------+-------------------------------------------+-----
Armour         | 4 5 6 7 8 9 10 11 | 11.3
Fighting       | 4 5 6 7 8 9 10 11 | 11.4
Shields        | 5 6 7 8 9 11 12 13 | 13.4
Axes           | 3 4 5 |  5.9
Invocations    | 3 6 8 11 12 14 | 14.9
Polearms       | 1 3 5 6 7 8 |  8.2

Action                     |  1- 3 |  4- 6 |  7- 9 | 10-12 | 13-15 || total
---------------------------+-------+-------+-------+-------+-------++-------
  Melee: War axe           |    42 |    59 |       |       |       ||   101
         Hand axe          |       |    95 |   262 |       |       ||   357
         Halberd           |       |       |    42 |   568 |   366 ||   976
 Invoke: Recall Ancestor   |       |       |       |     1 |     1 ||     2
         Ancestor Life: Kn |       |       |       |     1 |       ||     1
  Evoke: Wand              |       |       |       |     4 |    15 ||    19
    Use: Scroll            |     3 |     6 |    10 |     9 |     3 ||    31
         Potion            |     2 |     3 |     3 |    11 |     2 ||    21
   Stab: Invisible         |       |    11 |       |     1 |       ||    12
         Distracted        |       |       |     1 |     2 |     1 ||     4
         Sleeping          |       |       |       |     4 |     7 ||    11
 Armour: Scale mail        |    14 |    34 |       |   251 |   114 ||   413
         Plate armour      |       |    68 |   191 |   203 |       ||   462
         Skin              |       |       |    34 |       |       ||    34
  Dodge: Dodged            |    18 |    66 |   103 |   276 |    63 ||   526
  Block: Buckler           |     9 |    50 |   124 |    96 |       ||   279
         Tower shield      |       |       |       |   832 |   537 ||  1369

Table legend: (Time is in decaauts)
 A = Elapsed time spent in this place.
 B = Non-inter-level travel time spent in this place.
 C = Inter-level travel time spent in this place.
 D = Time resting spent in this place.
 E = Time spent auto-exploring this place.
 F = Levels seen in this place.
 G = Mean time per level.
                   A        B        C        D        E       F      G
               +--------+--------+--------+--------+--------+-----+--------+
         Total |  13829 |  13298 |    531 |   1473 |   8473 |  18 |  768.3 |
       Dungeon |  11126 |  10625 |    501 |   1093 |   6977 |  13 |  855.8 |
        Temple |     27 |     27 |      0 |      0 |      0 |   1 |   27.0 |
          Lair |   2012 |   1982 |     30 |      0 |   1440 |   3 |  670.7 |
        Bailey |    663 |    663 |      0 |    380 |     55 |   1 |  663.0 |
               +--------+--------+--------+--------+--------+-----+--------+

Top non-repeatable levels by time:
    D:11: 1796 daAuts
     D:2: 1445 daAuts
    D:12: 1066 daAuts
     D:5: 1034 daAuts
  Lair:2: 1011 daAuts
     D:6: 956 daAuts
     D:9: 941 daAuts
     D:8: 889 daAuts
    D:10: 839 daAuts
     D:7: 702 daAuts
  Lair:1: 693 daAuts
  Bailey: 663 daAuts
     D:1: 617 daAuts
     D:4: 460 daAuts
     D:3: 374 daAuts
